Map: [ESL] Oceanborn

Players

Misaki

  • Race: Zerg Zerg
  • Spawn Location: 5:00

MeomaikA - Winner!

  • Race: Zerg Zerg
  • Spawn Location: 11:00

Event: ESL SC2 Masters 2024 Spring (Regional)

VOD

Have the link to the VOD?

Description

Time

  • Played on: April 17, 2024, 7:46 a.m.
  • Length: 4:49

All games in this series

Show
View Real Time Build Order
Export as new Build Order

Misaki Zerg 

Build Orders: Hatch First 

Get SALT Encoding   

  12  0:00  Drone  
  13  0:07  Drone  
  14  0:16  Overlord  
  14  0:35  Drone x2  
  16  0:47  Hatchery  
  15  0:50  Drone  
  15  0:54  Drone  
  17  0:58  Drone  
  18  1:08  Extractor  
  17  1:14  Spawning Pool  
  17  1:17  Drone  
  17  1:20  Drone  
  18  1:29  Drone  
  19  1:41  Drone  
  20  1:51  Drone  
  21  2:00  Queen x2  
  26  2:01  Drone x2  
  27  2:10  Overlord  
  27  2:12  Drone  
  28  2:16  Metabolic Boost  
  28  2:27  Hatchery  
  27  2:30  Drone  
  27  2:32  Drone  
  27  2:35  Drone  
  30  2:38  Drone  
  30  2:43  Queen  
  33  2:48  Overlord  
  34  2:51  Drone  
  34  2:53  Drone  
  34  2:56  Drone  
  36  3:03  Overlord  
  36  3:09  Overlord  
  36  3:11  Baneling Nest  
  35  3:14  Zergling x2  
  36  3:21  Zergling x10  
  36  3:23  Zergling x2  
  36  3:24  Evolution Chamber  
  41  3:32  Drone  
  41  3:33  Drone  
  43  3:41  Zergling x2  
  44  3:44  Drone x3  
  47  3:48  Drone  
  47  3:49  Drone  
  47  3:50  Drone  
  47  3:55  Overlord  
  48  4:05  Zergling x8  
  48  4:07  Zergling x2  
  43  4:10  Drone  
  43  4:13  Drone  
  43  4:15  Drone  
  43  4:16  Drone x2  
  43  4:17  Drone  
  40  4:20  Drone x2  
  40  4:22  Drone x2  
  39  4:24  Drone  
  39  4:30  Drone x2  
  36  4:35  Drone  
  36  4:36  Drone  
Show
View Real Time Build Order
Export as new Build Order

MeomaikA Zerg - Winner!

Build Orders: Hatch First 

Get SALT Encoding   

  12  0:00  Drone  
  13  0:13  Overlord  
  13  0:16  Drone  
  14  0:31  Drone  
  14  0:32  Drone  
  14  0:35  Drone  
  17  0:51  Hatchery  
  17  0:54  Drone  
  17  1:07  Spawning Pool  
  17  1:10  Drone  
  17  1:12  Extractor  
  17  1:15  Drone  
  17  1:20  Drone  
  18  1:31  Drone  
  19  1:47  Overlord  
  19  1:51  Drone  
  19  1:54  Queen  
  22  2:02  Queen  
  22  2:03  Drone x2  
  26  2:12  Metabolic Boost, Drone  
  26  2:15  Drone  
  28  2:23  Drone  
  28  2:24  Drone  
  30  2:33  Hatchery  
  30  2:36  Drone  
  30  2:38  Drone  
  31  2:45  Queen  
  33  2:51  Zergling x4  
  35  3:01  Zergling x2  
  35  3:04  Overlord  
  35  3:05  Overlord  
  36  3:12  Baneling Nest  
  35  3:13  Zergling x2  
  36  3:23  Zergling x12  
  43  3:34  Zergling x4  
  43  3:43  Zergling x2  
  43  3:45  Zergling x2  
  43  3:46  Zergling x6  
  48  3:53  Zergling x6  
  51  3:56  Zergling x2  
  51  3:57  Zergling x2  
  51  4:00  Zergling x4  
  55  4:07  Zergling x2  
  55  4:08  Zergling x4  
  56  4:12  Zergling x6  
  56  4:17  Zergling x2  
  56  4:20  Zergling x4  
  57  4:28  Zergling x2  
  57  4:30  Drone  
Tags
 
Add a new tag
Caveats
  • Supply blocks, unpowered buildings, or Contaminate may cause inaccurate times.
  • Supply counts are checked every 10 seconds.